 Seeded DCSS version 0.28-a0-1339-ga5422284a4 (webtiles) character file.

Game seed: 12130800008223909736 (custom seed)

1108 croobank the Sneak (level 8, -3/36 HPs)
             Began as a Spriggan Earth Elementalist on Dec 28, 2021.
             Killed from afar by an electric eel (12 damage)
             ... with a bolt of electricity
             ... on level 6 of the Dungeon.
             The game lasted 00:49:19 (6628 turns).

croobank the Sneak (Spriggan Earth Elementalist)    Turns: 6628, Time: 00:49:20

Health: -3/36      AC:  4    Str:  6    XL:     8   Next: 11%
Magic:  17/17      EV: 20    Int: 16    God:
Gold:   227        SH:  0    Dex: 16    Spells: 8/18 levels left

rFire   . . .      SeeInvis +   b - +0 hunting sling
rCold   . . .      Faith    .   (no shield)
rNeg    . . .      Spirit   .   s - +2 robe
rPois   .          Reflect  .   (helmet restricted)
rElec   .          Harm     .   (no cloak)
rCorr   .          Rampage  .   (gloves unavailable)
Will    +....                   (boots unavailable)
Stlth   ++++......              v - amulet of magic regeneration
HPRegen 0.12/turn               f - ring of wizardry
MPRegen 0.55/turn               (no ring)

@: very quick
A: very small, no large weapons, unfitting armour, see invisible, speed 3
a: no special abilities


You were on level 6 of the Dungeon.
You visited 1 branch of the dungeon, and saw 7 of its levels.

You collected 250 gold pieces.
You spent 23 gold pieces at shops.

Inventory:

Hand Weapons
 b - a +0 hunting sling (weapon)
 d - a +0 short sword
 m - a +0 dagger of draining
Missiles
 e - 18 bolts
 h - 34 arrows
 j - 43 poisoned darts
 t - 52 stones
 x - 16 sling bullets (quivered ammo)
Armour
 n - an orb of energy
 s - a +2 robe (worn)
Magical Staves
 a - a staff of earth
Jewellery
 f - a ring of wizardry (left hand)
 v - an amulet of magic regeneration (around neck)
Wands
 q - a wand of flame (21)
Scrolls
 c - 3 scrolls of vulnerability {vulnerability, unknown}
 g - 2 scrolls of teleportation {teleportation, unknown}
 l - 6 scrolls of identify {identify, unknown}
 o - a scroll of enchant armour {enchant armour}
 z - a scroll of silence {silence, unknown}
Potions
 k - 2 potions of might {might}
 p - a potion of degeneration {degeneration, unknown}
 r - a potion of cancellation {cancellation, unknown}
 u - 2 potions of haste


   Skills:
 + Level 6.1 Dodging
 + Level 7.2 Stealth
 + Level 5.7 Spellcasting
 + Level 5.6 Transmutations
 + Level 4.7 Earth Magic


You had 8 spell levels left.
You knew the following spells:

 Your Spells              Type           Power      Damage    Failure   Level
a - Sandblast             Erth           38%        2d10      1%          1
b - Passwall              Tmut/Erth      17%        N/A       1%          2
c - Stone Arrow           Conj/Erth      24%        3d8       6%          3
d - Petrify               Tmut/Erth      21%        N/A       7%          4

Your spell library contained the following spells:

 Spells                   Type           Power      Damage    Failure   Level


Dungeon Overview and Level Annotations

Branches:
Dungeon (7/15)
 Temple: D:4-7

Altars:
Nemelex Xobeh

Shops:
D:1 *   D:2 =   D:3 !

Annotations:
D:4 1 runed translucent door, swinepaste's ghost, amateur MfTm


Innate Abilities, Weirdness & Mutations

You are very small and have problems with some larger weapons.
You are too small for most types of armour.
You have supernaturally acute eyesight. (SInv)
You cover ground extremely quickly. (Speed+++)


Message History

You can't go down here!
You climb upwards.
There is a stone staircase leading down here.
The centaur shouts!
The centaur wields a +0 shortbow.
The centaur shoots an arrow.
The arrow misses you.
Casting: Petrify (quite dangerous; 7% risk of failure)
Confirm with . or Enter, or press ? or * to list all spells.
The spell is quite dangerous to miscast (7% risk of failure)!
Continue anyway?
Aiming: Petrify (quite dangerous; 7% risk of failure)
Press: ? - help, Shift-Dir - straight line, f - centaur
Aim: a centaur, wielding a +0 shortbow and quivering arrows (chance to affect: 61%)
You feel a surge of power!
The centaur is moving more slowly.
The centaur shoots an arrow.
The arrow misses you.
The centaur shoots an arrow.
The arrow misses you.
Aiming: Sandblast (safe; 1% risk of failure)
Press: ? - help, Q - select action, (/) - cycle Shift-Dir - straight line, f - you, p - centaur
Okay, then.
b - a +0 hunting sling (weapon)
Fire: 17 sling bullets
Press: ? - help, Q - select action, (/) - cycle Shift-Dir - straight line, f/p - centaur
Aim: a centaur, wielding a +0 shortbow and quivering arrows (petrifying slowly, 98% to hit)
You shoot a sling bullet.
The sling bullet hits the centaur but does no damage.
The centaur shoots an arrow.
The arrow hits you!
The centaur shoots an arrow.
The arrow barely misses you.
The electric eel shoots out a bolt of lightning at you!
The bolt of electricity hits you!
* * * LOW HITPOINT WARNING * * *
Okay, then.
Okay, then.
Okay, then.
Okay, then.
Blink to where?
Press: ? - help, Dir - move target, p - centaur
As you read the scroll labelled LYRPHOUSMUK {blinking}, it crumbles to dust.
It was a scroll of blinking {blinking}.
The centaur stops moving altogether!
The electric eel shoots out a bolt of lightning at you!
The bolt of electricity hits you!
You die...

## #.....######.......# ##..
###.### #........# #.. #.#
##.......## ### ### #........#
###........# ##.#........### ##≈
#.............###≈≈
#.#..>.........##≈≈
#.@............#≈≈≈
#####.#.....c(....≈≈≈≈≈
########...#.#.######....≈≈≈≈≈
#..........###..##....≈.P≈≈≈≈≈
#.#######.#.###....S...c≈≈≈≈((
####.#######.#......≈.≈≈.≈≈≈≈≈≈P.
................≈≈≈≈≈≈≈S≈≈≈≈≈....
≈...≈P..≈P≈...≈≈≈P≈≈≈≈S≈≈≈≈≈≈P..#
#..P≈≈≈≈≈≈≈≈≈≈≈≈≈≈≈≈≈≈≈≈PP≈.≈≈..#


You could see a centaur (petrified) and an electric eel.

Vanquished Creatures
  Sigmund (D:3)
  2 water moccasins (D:6)
  An orc warrior (D:6)
  A phantom (D:5)
  A bullfrog (D:6)
  A scorpion (D:6)
  3 howler monkeys
  A centaur zombie (D:6)
  2 hounds (D:6)
  Ijyb (D:3)
  2 scorpion zombies (D:5)
  8 adders
  An ufetubus (D:4)
  A worm (D:3)
  A dart slug (D:1)
  8 orcs
  6 bats
  4 endoplasms
  4 giant cockroaches
  4 goblins
  5 hobgoblins
  5 quokkas
  8 ball pythons
  3 frilled lizards (D:1)
  2 kobolds (D:1)
  5 rats
81 creatures vanquished.

Vanquished Creatures (others)
  A fungus (D:2)
  14 plants
15 creatures vanquished.

Grand Total: 96 creatures vanquished

Notes
Turn   | Place    | Note
-------+----------+-------------------------------------------
     0 | D:1      | croobank the Spriggan Earth Elementalist began the quest
                  | for the Orb.
     0 | D:1      | Reached XP level 1. HP: 9/9 MP: 5/5
   193 | D:1      | Reached XP level 2. HP: 6/13 MP: 2/6
   602 | D:1      | Found Wisoshren's General Store.
   713 | D:1      | Learned a level 2 spell: Passwall
  1140 | D:2      | Reached XP level 3. HP: 16/16 MP: 5/8
  1455 | D:1      | Bought 21 stones for 23 gold pieces
  1684 | D:2      | Found Tueluf's Jewellery Shoppe.
  1739 | D:2      | Found a faded altar of an unknown god.
  2087 | D:2      | You fall into a shaft and drop 1 floor!
  2350 | D:3      | Reached skill level 4 in Stealth
  2388 | D:3      | Learned a level 3 spell: Stone Arrow
  2546 | D:3      | Found Couciofe's Distillery.
  2605 | D:3      | Reached XP level 4. HP: 20/21 MP: 0/10
  2776 | D:3      | Noticed Ijyb
  2787 | D:3      | Killed Ijyb
  2982 | D:4      | Learned a level 4 spell: Petrify
  3064 | D:4      | Found a runed translucent door.
  3066 | D:4      | Noticed swinepaste's ghost (amateur MfTm)
  3310 | D:3      | Noticed Sigmund
  3357 | D:3      | Killed Sigmund
  3358 | D:3      | Reached skill level 5 in Stealth
  3358 | D:3      | Reached XP level 5. HP: 24/24 MP: 3/12
  3358 | D:3      | Reached XP level 6. HP: 28/28 MP: 3/13
  3737 | D:5      | Entered Level 5 of the Dungeon
  3835 | D:5      | Found a sparkling altar of Nemelex Xobeh.
  4196 | D:5      | Reached skill level 5 in Dodging
  4335 | D:5      | Reached skill level 6 in Stealth
  4335 | D:5      | Reached XP level 7. HP: 32/32 MP: 12/15
  4840 | D:6      | Reached skill level 5 in Spellcasting
  4857 | D:6      | Reached skill level 5 in Transmutations
  6154 | D:6      | Reached skill level 7 in Stealth
  6359 | D:6      | Reached XP level 8. HP: 18/36 MP: 17/17
  6628 | D:6      | Killed from afar by an electric eel

Illustrated notes

Levels and vault maps discovered:
D:1:      grunt_arrival_crossed_arrows, layout_loops_ring, serial_shops, shop,
          chequers_serial_rivers_micro_b
D:2:      layout_basic, serial_shops, shop,
          shapermc_ecumenical_altar_mp_urbaneastern
D:3:      layout_loops_cross, serial_shops, shop_statue, uniq_ijyb, uniq_sigmund
D:4:      layout_basic, lemuel_temple_firewalk_a, ebering_ghost_reflecting_pool,
          uniq_eustachio, uniq_duvessa
D:5:      layout_loops_cross, mainiacjoe_overflow_paths
D:6:      layout_layer_cave, chequers_big_river, dk_noncrumbling_4
D:7:      layout_loops_corners

Skill      XL: |  1  2  3  4  5  6  7 |
---------------+----------------------+-----
Dodging        | 3 4 5 6 |  6.1
Spellcasting   | 3 4 5 |  5.7
Transmutations | 2 3 4 5 |  5.6
Earth Magic    | 3 4 |  4.7
Stealth        | 4 5 6 7 |  7.2

Action                   |  1- 3 |  4- 6 |  7- 9 || total
-------------------------+-------+-------+-------++-------
Melee: Short sword       |    19 |       |       ||    19
       Dagger            |     2 |       |       ||     2
       Staff             |       |    61 |    20 ||    81
 Fire: Hunting sling     |       |       |    20 ||    20
 Cast: Sandblast         |    55 |    48 |    45 ||   148
       Stone Arrow       |     2 |     3 |     5 ||    10
       Petrify           |       |     1 |     3 ||     4
Evoke: Wand              |       |     6 |       ||     6
  Use: Potion            |       |     4 |     2 ||     6
       Scroll            |       |     2 |     2 ||     4
 Stab: Sleeping          |     3 |     1 |       ||     4
       Petrified         |       |    20 |    13 ||    33
       Petrifying        |       |       |     1 ||     1
Armor: Robe              |     2 |    10 |     1 ||    13
Dodge: Dodged            |    31 |    54 |    32 ||   117

Table legend: (Time is in decaauts)
 A = Elapsed time spent in this place.
 B = Non-inter-level travel time spent in this place.
 C = Inter-level travel time spent in this place.
 D = Time resting spent in this place.
 E = Time spent auto-exploring this place.
 F = Levels seen in this place.
 G = Mean time per level.
                   A        B        C        D        E       F      G
               +--------+--------+--------+--------+--------+-----+--------+
         Total |   5086 |   4930 |    156 |   1851 |   1888 |   7 |  726.6 |
       Dungeon |   5086 |   4930 |    156 |   1851 |   1888 |   7 |  726.6 |
               +--------+--------+--------+--------+--------+-----+--------+

Top non-repeatable levels by time:
     D:6: 1274 daAuts
     D:1: 1085 daAuts
     D:3: 1039 daAuts
     D:5: 728 daAuts
     D:2: 599 daAuts
     D:7: 223 daAuts
     D:4: 136 daAuts
